 Dungeon Crawl Stone Soup version 0.29.1-2-gbd0b4ee654 (webtiles) character file.

Game seed: 387674556527823610

562231 funnyparkerb the Intangible (level 25, -19/257 HPs)
             Began as a Minotaur Berserker on Nov 7, 2022.
             Was an Elder of Trog.
             Killed from afar by an electric golem (31 damage)
             ... with a bolt of lightning
             ... on level 5 of the Realm of Zot on Nov 8, 2022.
             The game lasted 02:42:50 (85853 turns).

funnyparkerb the Intangible (Minotaur Berserker)   Turns: 85853, Time: 02:42:50

Health: -19/257    AC: 43    Str: 47    XL:     25   Next: 38%
Magic:  4/19       EV: 15    Int:  4    God:    Trog [****..]
Gold:   5876       SH:  5    Dex:  7    Spells: 24/24 levels left

rFire   + + .      SeeInvis .   T - +8 great mace of the Scroll {vorpal, Str+4}
rCold   . . .      Faith    .   (shield currently unavailable)
rNeg    + + .      Spirit   .   C - +2 gold dragon scales
rPois   +          Reflect  +   f - +1 hat
rElec   .          Harm     .   t - +2 cloak "Muhusotre" {rN++ Int+4 Stlth-}
rCorr   .          Rampage  .   N - +3 Mad Mage's Maulers {Infuse+∞ RegenMP Int-3}
Will    +++..                   X - +2 pair of boots
Stlth   ..........              E - amulet of reflection
HPRegen 1.52/turn               H - +6 ring of strength
MPRegen 0.56/turn               S - ring "Puleh" {Fire Fly Str+3 Dex-4}

@: about to teleport, strong-willed, flying, regenerating, slowed, studying 2
skills, invisible, very slow
A: horns 2, retaliatory headbutt, talons 1, clumsy 1, low MP 1, sense
surroundings 1, strong 1, subdued magic 1
}: 3/15 runes: serpentine, barnacled, silver
a: Renounce Religion, Berserk, Trog's Hand, Brothers in Arms


You were on level 5 of the Realm of Zot.
You worshipped Trog.
Trog was greatly pleased with you.
You visited 9 branches of the dungeon, and saw 46 of its levels.
You also visited: Gauntlet.

You collected 7201 gold pieces.
You spent 1325 gold pieces at shops.

Inventory:

Hand Weapons
 T - the +8 great mace of the Scroll (weapon) {vorpal, Str+4}
   (Trog gifted it to you on level 4 of the Lair of Beasts)

   It inflicts extra damage upon your enemies.
   Str:       It affects your strength (+4).
Missiles
 l - 14 boomerangs (quivered)
 w - 10 curare-tipped darts
 Q - 2 throwing nets
Armour
 f - a +1 hat (worn)
 t - the +2 cloak "Muhusotre" (worn) {rN++ Int+4 Stlth-}
   (You found it on level 4 of the Dungeon)

   Int:       It affects your intelligence (+4).
   rN:        It greatly protects you from negative energy.
   Stlth:     It makes you less stealthy.
 C - +2 gold dragon scales (worn)
 N - the +3 Mad Mage's Maulers (worn) {Infuse+∞ RegenMP Int-3}
   (You acquired it on level 1 of the Shoals)

   It empowers its wearer's blows with all of their magic.
   It causes its wearer's magical reserves to regenerate more quickly.
   Int:       It affects your intelligence (-3).
 X - a +2 pair of boots (worn)
Jewellery
 c - the ring of Himpy {rPois AC+4 Dex+4}
   (You found it on level 1 of the Orcish Mines)

   [ring of protection]

   AC:        It affects your AC (+4).
   Dex:       It affects your dexterity (+4).
   rPois:     It protects you from poison.
 d - a +6 ring of strength
 k - a ring of protection from fire
 x - an amulet of regeneration
 E - an amulet of reflection (around neck)
 H - a +6 ring of strength (left hand)
 R - a +6 ring of intelligence
 S - the ring "Puleh" (right hand) {Fire Fly Str+3 Dex-4}
   (You found it on level 4 of the Lair of Beasts)

   [ring of fire]

   It enhances your fire magic.
   Str:       It affects your strength (+3).
   Dex:       It affects your dexterity (-4).
   rF:        It protects you from fire.
   rC:        It makes you vulnerable to cold.
   Fly:       It grants you flight.
 Y - the ring of Ibriruh {Wiz Will+ Slay+2}
   (You found it in a Gauntlet)

   [ring of wizardry]

   It improves your spell success rate.
   Slay:      It affects your accuracy & damage with ranged weapons and melee
   (+2).
   Will:      It increases your willpower.
Wands
 m - a wand of polymorph (15)
 u - a wand of flame (21)
 z - a wand of iceblast (55)
 A - a wand of mindburst (18)
 D - a wand of paralysis (34)
 F - a wand of acid (36)
 U - a wand of digging (20)
Scrolls
 a - 11 scrolls of magic mapping
 b - 10 scrolls of teleportation
 e - 9 scrolls of vulnerability
 n - 5 scrolls of poison
 o - 6 scrolls of immolation
 r - 6 scrolls of brand weapon
 B - 6 scrolls of torment
 L - 8 scrolls of fear
 M - 7 scrolls of fog
 V - a scroll of silence
Potions
 g - 6 potions of might
 h - 3 potions of magic
 i - 3 potions of haste
 j - 12 potions of flight
 s - 6 potions of attraction
 G - a potion of resistance
 I - 5 potions of mutation
 J - 6 potions of ambrosia
 K - 24 potions of curing
 O - 7 potions of cancellation
 P - 9 potions of lignification
 W - 3 potions of invisibility


   Skills:
 O Level 27 Fighting
 O Level 27 Maces & Flails
 * Level 13.1 Throwing
 O Level 27 Armour
 O Level 27 Dodging


You had 24 spell levels left.
You didn't know any spells.
Your spell library was empty.

Dungeon Overview and Level Annotations

Branches:
Dungeon (15/15)            Temple (0/1) D:5            Lair (5/5) D:10
 Shoals (4/4) Lair:2        Snake (4/4) Lair:3        Slime (0/5) Lair:5
    Orc (2/2) D:11            Elf (2/3) Orc:2        Vaults (5/5) D:13
  Crypt (0/3) Vaults:2     Depths (4/4) D:15            Zot (5/5) Depths:4
Gauntlet (visited)

Altars:
Elyvilon
Fedhas
Hepliaklqana
Kikubaaqudgha
Nemelex Xobeh
Okawaru
Qazlal
Ru
Sif Muna
Yredelemnul
Zin
The Shining One
Jiyva

Shops:
D:7 =   D:10 ?:   Orc:2 *[([   Elf:2 (   Shoals:1 *   Snake:1 (   Snake:2 (
Vaults:1 [[*[   Vaults:3 =   Vaults:5 :   Depths:1 *

Portals:
Hell: Depths:1 Depths:2 Depths:3 Depths:4
Abyss: Depths:2 Depths:3
Pandemonium: Depths:2 Depths:4
Ziggurat: Depths:4

Annotations:
Lair:1 exclusion: oklob plant
Lair:4 3 runed translucent doors, lambentLogic's ghost, journeyman KoEn
Shoals:2 6 transporters
Elf:2 3 runed translucent doors
Zot:2 2 transporters, exclusion: obsidian statue
Zot:5 exclusion: obsidian statue


Innate Abilities, Weirdness & Mutations

You have a pair of horns on your head.
You reflexively headbutt those who attack you in melee.
You have sharp toenails.
You are clumsy. (Dex -2)
Your magical capacity is low. (-10% MP)
You passively map a small area around you.
Your muscles are strong. (Str +4, Int/Dex -1)
Your spells are a little easier to cast, but a little less powerful.


Message History

The death cob hits you but does no damage.
You block the Orb Guardian's attack.
You feel much better.
The death cob hits you but does no damage.
You block the Orb Guardian's attack.
The death cob hits you but does no damage.
The Orb Guardian hits you but does no damage.
The death cob hits you.
* * * LOW HITPOINT WARNING * * *
The electric golem completely misses you.
The electric golem hits you but does no damage.
The electric golem misses you. The electric golem closely misses you.
You block the Orb Guardian's attack. The death cob hits you.
* * * LOW HITPOINT WARNING * * *
The death cob drains your vigour!
You feel as though you will be slow longer.
The electric golem hits you!
* * * LOW HITPOINT WARNING * * *
The electric golem shocks you!!
* * * LOW HITPOINT WARNING * * *
The electric golem closely misses you.
The electric golem hits you but does no damage. x2
You fade into invisibility!
The death cob closely misses you. You furiously retaliate!
You headbutt the death cob, but do no damage.
You block the Orb Guardian's attack. The death cob hits you!!
* * * LOW HITPOINT WARNING * * *
The Orb Guardian closely misses you. You furiously retaliate!
You headbutt the Orb Guardian, but do no damage.
The electric golem blinks!
The death cob hits you but does no damage.
The Orb Guardian hits you!
* * * LOW HITPOINT WARNING * * *
The death cob hits you but does no damage.
Blink to where?
Press: ? - help, Dir - move target
As you read the scroll of blinking, it crumbles to dust.
The electric golem hurls lightning at you.
The bolt of lightning hits you!!
You die...

,,,,,,,,,,,,,,,,,,,,,,*,,,,,,,,,,
,,,,,,,,,,,,,,,,,,,,,,**,,,,,,,,,
,,,,,,,,,,^,,,,,,,,,,,***,,,,,,,*
,,,,,,,,,,,,,,,,,,,,,,* *********
,^,,,,,,,,,,,,,,,,,,,**
,......,,,,,,,,,,,,***
*......,,,,,,,,,****
*▓^....##▓▓▓▓▓▓▓▓▓▓▓#
*...............@...###
,.............^.##.^..##
,........9.......###...##########
,.................###............
,........^........# ##...........
,.....^...$..Xz.^.# #...........
,............§....# ##..........
,^................# #..........
,^................# ##..........


You could see an electric golem, a death cob (unable to see you) and an Orb
Guardian (berserk).

Vanquished Creatures
  2 dread liches
  4 ancient liches
  Mara (Shoals:3)
  9 orbs of fire
  Josephina (Zot:2)
  Bai Suzhen (Vaults:4)
  3 Killer Klowns (Zot:5)
  A curse toe (Zot:4)
  2 caustic shrikes (Depths:1)
  Jory (Depths:4)
  Nikola (Shoals:1)
  13 golden dragons
  7 electric golems
  Jorgrun (Snake:1)
  The ghost of Jingleheimer the Slayer, an adept DrBe of Trog (Vaults:1)
  18 Orb Guardians (Zot:5)
  23 tentacled monstrosities
  Rupert (Lair:3)
  6 liches
  A walking divine tome (Depths:3)
  7 quicksilver dragons
  6 titans
  18 death cobs
  3 sphinxes
  2 krakens
  Kirke (Lair:5)
  14 storm dragons
  11 tengu reavers
  12 shadow dragons
  9 draconian monks
  12 fire giants
  7 nagarajas
  10 draconian knights
  2 deep elf sorcerers
  11 frost giants
  A cacodemon (Depths:2)
  Ilsuiw (Shoals:3)
  5 draconian scorchers
  A balrug (Depths:2)
  14 vault wardens
  3 spriggan defenders
  8 draconian annihilators
  6 ghost moths
  16 very ugly things
  6 spectral caustic shrikes (Depths:3)
  4 draconian shifters
  5 draconian stormcallers
  4 war gargoyles
  21 stone giants
  12 ironbound preservers
  3 deep elf demonologists
  6 black draconians
  7 ironbound thunderhulks
  4 vampire knights (Depths:1)
  7 green draconians
  5 purple draconians
  2 deep elf annihilators
  9 white draconians
  11 dire elephants
  14 red draconians
  8 spark wasps
  6 yellow draconians
  A minotaur (Gauntlet)
  Azrael (Orc:2)
  A green death (Gauntlet)
  14 fire dragons
  4 deep elf death magi
  6 merfolk impalers
  14 ettins
  2 crystal guardians
  4 merfolk javelineers
  11 great orbs of eyes
  32 vault guards
  16 yaktaur captains
  2 deep elf high priests
  4 rakshasas
  9 hydras
  2 salamander tyrants
  7 ice dragons
  2 catoblepae
  3 merfolk avatars
  6 ironbound frosthearts
  2 peacekeepers
  A boulder beetle (D:13)
  10 naga warriors
  2 spriggan air magi
  6 anacondas
  2 alligator snapping turtles (Shoals:4)
  An anaconda (shapeshifter) (Vaults:5)
  2 ogre magi (Orc:2)
  The ghost of Jingleheimer the Cleaver, a novice MiMo of Makhleb (D:10)
  12 centaur warriors
  A death yak (Lair:4)
  5 merfolk aquamancers
  12 two-headed ogres
  7 dancing weapons (Elf:2)
  7 deep troll earth magi
  4 deep troll shamans
  2 vampire magi
  9 tengu warriors
  8 naga sharpshooters
  2 orc high priests (Elf:1)
  4 deep elf knights
  4 spriggan berserkers
  A shock serpent (shapeshifter) (Depths:1)
  Sonja (D:13)
  5 shock serpents
  8 hell knights
  3 iron trolls
  7 salamander mystics
  Amaemon (Lair:2)
  2 soul eaters (Depths:2)
  A sixfirhy (Depths:2)
  A skeletal warrior (D:12)
  42 deep trolls
  10 sea snakes
  A quicksilver dragon simulacrum (Zot:3)
  4 flayed ghosts
  6 naga ritualists
  A harpy (shapeshifter) (D:13)
  6 glowing orange brains
  6 lindwurms
  7 deep elf archers
  6 wizards
  12 ironbound convokers
  12 deep elf zephyrmancers
  5 phantasmal warriors
  11 harpies
  15 deep elf pyromancers
  An orc sorcerer (Orc:2)
  3 necromancers
  9 orc knights
  12 manticores
  4 mana vipers
  A salamander (shapeshifter) (D:10)
  20 ugly things
  8 cyclopes
  19 elephants
  10 salamanders
  25 moths of wrath
  8 guardian serpents
  10 merfolk sirens
  A guardian serpent (shapeshifter) (Depths:1)
  13 vault sentinels
  6 water nymphs
  A rust devil (Depths:2)
  3 gargoyles
  An eye of devastation (shapeshifter) (Depths:1)
  34 black mambas
  A torpor snail (Lair:5)
  20 naga magi
  3 orange demons
  5 smoke demons (Depths:2)
  9 komodo dragons
  A rime drake (shapeshifter) (D:10)
  A water nymph (shapeshifter) (Vaults:5)
  Psyche (D:10)
  A kobold demonologist (D:13)
  15 cane toads
  2 storm dragon simulacra (Zot:3)
  An unseen horror (D:12)
  4 rime drakes
  34 yaktaurs
  An ice devil (Depths:2)
  A yaktaur (shapeshifter) (Depths:4)
  2 freezing wraiths
  5 tengu conjurers
  A hellwing (Depths:4)
  26 merfolk
  A queen bee (shapeshifter) (D:13)
  A troll (shapeshifter) (D:10)
  15 hornets
  9 wind drakes
  A slime creature (shapeshifter) (Depths:4)
  6 blink frogs (Lair:4)
  6 polar bears
  13 trolls
  5 dream sheep
  49 slime creatures
  12 snapping turtles
  A dream sheep (shapeshifter) (Depths:4)
  3 flying skulls (Gauntlet)
  2 air elementals (Elf:2)
  A wyvern (Lair:4)
  15 spriggans
  3 shadows
  A basilisk (D:11)
  69 yaks
  A vampire (D:9)
  3 wraiths
  5 water elementals
  A fire bat (shapeshifter) (D:15)
  2 fire elementals
  A golden eye (shapeshifter) (D:10)
  2 neqoxecs
  Grum (D:8)
  4 vampire mosquitoes
  2 chaos spawn (Depths:2)
  A green draconian simulacrum (Zot:3)
  2 steam dragons (D:6)
  A steam dragon (shapeshifter) (D:10)
  6 wargs
  35 nagas
  7 hell hounds
  An acid dragon (D:10)
  15 water moccasins
  2 floating eyes
  18 orc warriors
  An ice beast (D:5)
  5 black bears
  2 sky beasts (D:7)
  20 ogres
  11 boggarts
  28 wolves
  15 centaurs
  2 kobold brigands
  13 bullfrogs
  2 gnoll sergeants
  3 earth elementals
  5 scorpions
  3 necrophages
  11 wights
  18 killer bees
  An electric eel (Vaults:2)
  5 howler monkeys
  2 jellies
  A hound (shapeshifter) (Elf:1)
  A gnoll bouda (Orc:2)
  18 orc priests
  2 hounds
  Crazy Yiuf (D:2)
  21 orc wizards
  6 iguanas
  9 hell rats
  16 gnolls
  7 adders
  A shadow imp (D:5)
  3 white imps
  An ufetubus (D:6)
  4 worms
  A dart slug (D:2)
  69 orcs
  8 endoplasms
  3 giant cockroaches (D:2)
  2 goblins (D:1)
  5 hobgoblins
  7 jackals (D:2)
  19 kobolds
  4 quokkas (D:1)
  5 ball pythons
  3 bats
  4 frilled lizards
  A rat (D:2)
  9 tentacles
1854 creatures vanquished.

Vanquished Creatures (collateral kills)
  Sojobo (Vaults:4)
  2 tentacled monstrosities
  A tengu reaver (Vaults:5)
  2 ironbound preservers (Vaults:5)
  A deep elf high priest (Vaults:5)
  A naga warrior (Orc:1)
  A hydra (Lair:4)
  A centaur warrior (Orc:1)
  A death knight (D:12)
  The ghost of warriortoast the Covert, a journeyman SpEn of Dithmenos (Orc:1)
  A spriggan berserker (Depths:1)
  Nergalle (D:10)
  4 hell knights (Vaults:5)
  A shadow wraith (Vaults:5)
  An ironbound convoker (Vaults:5)
  2 necromancers (Vaults:5)
  An ugly thing (Depths:1)
  3 elephants (Lair:3)
  2 black mambas (Snake:1)
  3 yaktaurs (Vaults:5)
  A hornet (Lair:5)
  A spriggan (Lair:5)
  3 hogs (Lair:5)
  An orc warrior (Orc:2)
  2 wolves (Lair:5)
  An orc wizard (Orc:2)
40 creatures vanquished.

Vanquished Creatures (others)
  A fire dragon (Depths:1)
  A wizard (Vaults:3)
  A naga ritualist (Snake:4)
  A smoke demon (Depths:2)
  A fire elemental (Orc:2)
  A boggart (Lair:5)
  An orc wizard (D:9)
  A bush (Lair:4)
  25 fungi
  75 plants
  20 tentacles
  3 withered plants (Depths:4)
131 creatures vanquished.

Grand Total: 2025 creatures vanquished

Notes
Turn   | Place    | Note
-------+----------+-------------------------------------------
     0 | D:1      | funnyparkerb the Minotaur Berserker began the quest for the
                  | Orb.
     0 | D:1      | Reached XP level 1. HP: 19/19 MP: 0/0
   309 | D:1      | Reached XP level 2. HP: 26/26 MP: 1/1
  1026 | D:2      | Reached skill level 5 in Maces & Flails
  1083 | D:2      | Reached XP level 3. HP: 31/31 MP: 2/2
  1147 | D:2      | Reached ** piety under Trog
  1198 | D:2      | Found a runed translucent door.
  1199 | D:2      | Noticed Crazy Yiuf
  1652 | D:2      | Killed Crazy Yiuf
  1653 | D:2      | Reached XP level 4. HP: 39/39 MP: 3/3
  1809 | D:3      | Reached XP level 5. HP: 10/45 MP: 4/4
  2339 | D:3      | Found a sparkling altar of Nemelex Xobeh.
  2571 | D:4      | Reached XP level 6. HP: 52/52 MP: 5/5
  2808 | D:4      | Found a white marble altar of Elyvilon.
  2857 | D:4      | Identified the +2 cloak "Muhusotre" {rN++ Int+4 Stlth-}
  2972 | D:5      | Entered Level 5 of the Dungeon
  3050 | D:5      | Reached XP level 7. HP: 60/60 MP: 6/6
  3122 | D:5      | Reached skill level 5 in Fighting
  3631 | D:5      | Found a staircase to the Ecumenical Temple.
  3753 | D:5      | Reached XP level 8. HP: 67/70 MP: 7/7
  3885 | D:5      | Reached skill level 5 in Dodging
  4060 | D:5      | Found a sacrificial altar of Ru.
  4275 | D:6      | Noticed a two-headed ogre
  4285 | D:6      | Killed a two-headed ogre
  4286 | D:6      | Reached skill level 10 in Maces & Flails
  4324 | D:6      | Found a blossoming altar of Fedhas.
  4347 | D:6      | Reached XP level 9. HP: 81/81 MP: 8/8
  4433 | D:6      | Found an iron altar of Okawaru.
  4711 | D:6      | Reached *** piety under Trog
  5204 | D:7      | Found a stormy altar of Qazlal.
  5481 | D:7      | Found Rier's Jewellery Shoppe.
  6067 | D:8      | Noticed Grum
  6082 | D:7      | Reached XP level 10. HP: 60/93 MP: 9/9
  6346 | D:8      | Killed Grum
  6347 | D:8      | Reached skill level 10 in Fighting
  6566 | D:8      | Reached **** piety under Trog
  7093 | D:9      | Reached skill level 10 in Dodging
  7393 | D:7      | Bought a +6 ring of strength for 540 gold pieces
  7788 | D:9      | Found a faded altar of an unknown god.
  7788 | D:9      | Found a hazy altar of Hepliaklqana.
  7881 | D:10     | Entered Level 10 of the Dungeon
  7881 | D:10     | Noticed a two-headed ogre
  7884 | D:10     | Killed a two-headed ogre
  7904 | D:10     | Identified the +9 rapier of Valiance {flame, Will+}
  7915 | D:10     | Found a staircase to the Lair.
  8036 | D:10     | Found a runed translucent gate.
  8036 | D:10     | Found a runed translucent gate.
  8036 | D:10     | Found a runed translucent gate.
  8037 | D:10     | Noticed a green ugly thing
  8037 | D:10     | Noticed a red ugly thing
  8038 | D:10     | Noticed a sea snake
  8038 | D:10     | Noticed an orb spider
  8038 | D:10     | a sea snake changed into an orb spider
  8039 | D:10     | Noticed a purple ugly thing
  8039 | D:10     | Noticed a white ugly thing
  8041 | D:10     | Noticed a brown ugly thing
  8066 | D:10     | Reached XP level 11. HP: 99/99 MP: 10/10
  8156 | D:10     | Found Otebac's Book Emporium.
  8629 | D:10     | Found Zoekkytu's Magic Scroll Shoppe.
  8637 | D:10     | Identified a scroll of acquirement
  8638 | D:10     | Acquired a +0 great mace of holy wrath
  8723 | D:10     | Noticed Nergalle
  8729 | D:10     | Killed Nergalle
  8832 | D:10     | Found Naigh's Magic Scroll Shop.
  8832 | D:10     | Noticed Psyche
  8874 | D:10     | Killed Psyche
  8887 | D:10     | Bought a scroll of identify for 32 gold pieces
  9069 | D:11     | Noticed a white ugly thing
  9091 | D:10     | Killed a white ugly thing
  9894 | D:10     | Reached skill level 15 in Maces & Flails
 10611 | D:11     | Noticed a two-headed ogre
 10617 | D:11     | Killed a two-headed ogre
 10712 | D:11     | Found a staircase to the Orcish Mines.
 11133 | Lair:1   | Entered Level 1 of the Lair of Beasts
 11149 | Lair:1   | Noticed a six-headed hydra
 11156 | Lair:1   | Killed a six-headed hydra
 11425 | Lair:1   | Noticed a seven-headed hydra
 11434 | Lair:1   | Killed a seven-headed hydra
 11749 | Lair:1   | Noticed Amaemon
 11779 | Lair:2   | Reached XP level 12. HP: 106/106 MP: 11/11
 11800 | Lair:2   | Killed Amaemon
 12429 | Lair:2   | Reached skill level 15 in Dodging
 12673 | Lair:2   | Reached ***** piety under Trog
 12728 | Lair:2   | Noticed an eight-headed hydra
 12736 | Lair:2   | Killed an eight-headed hydra
 13792 | Lair:2   | Found a staircase to the Shoals.
 14102 | Lair:3   | Noticed a seven-headed hydra
 14117 | Lair:2   | Killed a seven-headed hydra
 14507 | Lair:3   | Found a staircase to the Snake Pit.
 14689 | Lair:2   | Reached XP level 13. HP: 111/113 MP: 12/12
 16016 | Lair:3   | Identified the +9 hand axe of Wicked Watchfulness {spect,
                  | Fly Str+2}
 16769 | Lair:4   | Reached skill level 5 in Armour
 17198 | Lair:4   | Found a runed translucent gate.
 17198 | Lair:4   | Found a runed translucent gate.
 17198 | Lair:4   | Found a runed translucent gate.
 17200 | Lair:4   | Noticed lambentLogic's ghost (journeyman KoEn)
 17337 | Lair:3   | Noticed Rupert
 17360 | Lair:3   | Killed Rupert
 18430 | Lair:4   | Identified the ring "Puleh" {Fire Fly Str+3 Dex-4}
 18844 | Lair:5   | Entered Level 5 of the Lair of Beasts
 18881 | Lair:5   | Found a staircase to the Slime Pits.
 18881 | Lair:5   | Found a viscous altar of Jiyva.
 18914 | Lair:4   | Reached XP level 14. HP: 69/124 MP: 9/13
 19564 | Lair:4   | Identified the +8 great mace of the Scroll {vorpal, Str+4}
                  | (Trog gifted it to you on level 4 of the Lair of Beasts)
 19564 | Lair:4   | Received a gift from Trog
 20049 | Lair:5   | Reached skill level 10 in Armour
 20395 | Lair:5   | Noticed Kirke
 20408 | Lair:5   | Killed Kirke
 21589 | D:13     | Noticed Sonja
 21595 | D:13     | Killed Sonja
 21983 | D:13     | Found a gate to the Vaults.
 22402 | Orc:1    | Entered Level 1 of the Orcish Mines
 22478 | Orc:1    | Found a runed translucent gate.
 22479 | Orc:1    | Found a runed translucent gate.
 22480 | Orc:1    | Found a runed translucent gate.
 22481 | Orc:1    | Noticed warriortoast's ghost (journeyman SpEn)
 22483 | Orc:1    | Found an iron altar of Okawaru.
 23034 | Orc:2    | Entered Level 2 of the Orcish Mines
 23075 | Orc:2    | Noticed Azrael
 23098 | Orc:2    | Killed Azrael
 23904 | Orc:1    | Reached XP level 15. HP: 137/137 MP: 10/14
 24126 | Orc:2    | Found Maosm's Assorted Antiques.
 24131 | Orc:2    | Found Pecin's Armour Shoppe.
 24136 | Orc:2    | Found Ipsibe's Weapon Shop.
 24136 | Orc:2    | Found a staircase to the Elven Halls.
 24137 | Orc:2    | Found Papiostiest's Armour Shop.
 25142 | D:12     | Identified the +4 demon trident of Ancient Evil {distort,
                  | Will+}
 26569 | D:13     | Reached skill level 15 in Fighting
 28107 | D:14     | Found a shimmering blue altar of Sif Muna.
 28158 | D:15     | Entered Level 15 of the Dungeon
 28383 | D:15     | Found a gate leading to a gauntlet.
 28417 | Gauntlet | Entered a Gauntlet
 28417 | Gauntlet | Found a transporter.
 28417 | Gauntlet | Found a runed translucent door.
 28418 | Gauntlet | Found a runed translucent door.
 28422 | Gauntlet | Found a transporter.
 28424 | Gauntlet | Found a transporter.
 28435 | Gauntlet | Found a transporter.
 28438 | Gauntlet | Found a transporter.
 28448 | Gauntlet | Found a transporter.
 28464 | Gauntlet | Found a transporter.
 28475 | Gauntlet | Found a transporter.
 28482 | Gauntlet | Found a transporter.
 28486 | Gauntlet | Found the dreamshard necklace {*Dream Drain}
 28499 | Gauntlet | Found a transporter.
 28499 | Gauntlet | Found a transporter.
 28527 | Gauntlet | Found a transporter.
 28527 | Gauntlet | Found a transporter.
 28584 | Gauntlet | Found a transporter.
 28754 | Gauntlet | Identified the ring of Ibriruh {Wiz Will+ Slay+2}
 29054 | D:15     | Found a staircase to the Depths.
 29054 | D:15     | Noticed a frost giant
 29059 | D:15     | Killed a frost giant
 30419 | Snake:1  | Entered Level 1 of the Snake Pit
 30605 | Snake:1  | Noticed Jorgrun
 30613 | Snake:1  | Killed Jorgrun
 30638 | Snake:1  | Reached XP level 16. HP: 149/152 MP: 15/15
 30724 | Snake:1  | Found Poqess's Weapon Boutique.
 31744 | Snake:2  | Found Ahias's Antique Weapon Shoppe.
 32174 | Snake:2  | Identified the ring of Ideomm {AC+4 Dex+3}
 32299 | Snake:2  | Acquired a manual of Armour
 35514 | Snake:4  | Entered Level 4 of the Snake Pit
 35972 | Snake:4  | Identified the +1 robe "Gynaw" {Int+8 Dex-3}
 36067 | Snake:4  | Reached skill level 15 in Armour
 36090 | Snake:4  | Received a gift from Trog
 37340 | Snake:4  | Reached XP level 17. HP: 166/166 MP: 16/16
 37540 | Snake:4  | Identified the +7 hand axe "Meoxodua" {drain, Str+3}
 37879 | Shoals:1 | Entered Level 1 of the Shoals
 37934 | Shoals:1 | Noticed Nikola
 37948 | Shoals:1 | Killed Nikola
 38409 | Shoals:1 | Acquired the +3 Mad Mage's Maulers {Infuse+∞ RegenMP Int-3}
 38409 | Shoals:1 | Found the +3 Mad Mage's Maulers {Infuse+∞ RegenMP Int-3}
 38671 | Shoals:1 | Found Jafeco Waleu's Mayhem Merchandise.
 39323 | Shoals:1 | Received a gift from Trog
 39597 | Shoals:2 | Found a transporter.
 39658 | Shoals:2 | Found a transporter.
 39720 | Shoals:2 | Found a transporter.
 39771 | Shoals:2 | Found a transporter.
 39773 | Shoals:2 | Found a transporter.
 39924 | Shoals:2 | Found a transporter.
 40035 | Shoals:2 | Noticed a kraken
 40063 | Shoals:2 | Killed a kraken
 41011 | Shoals:3 | Noticed Ilsuiw
 41022 | Shoals:3 | Noticed Mara
 41170 | Shoals:3 | Noticed funnyparkerb's illusion
 41202 | Shoals:3 | Killed Mara
 41604 | Shoals:3 | Killed Ilsuiw
 42111 | Shoals:4 | Entered Level 4 of the Shoals
 42263 | Shoals:4 | Identified the +6 quarterstaff of the Six Visions {protect,
                  | rN+}
 43440 | Shoals:4 | Paralysed by a merfolk siren for 4 turns
 43721 | Shoals:4 | Noticed a kraken
 44798 | Shoals:4 | Killed a kraken
 44799 | Shoals:4 | Reached XP level 18. HP: 145/178 MP: 0/17
 44892 | Shoals:4 | Got a barnacled rune of Zot
 45692 | Snake:4  | Got a serpentine rune of Zot
 45950 | Elf:1    | Entered Level 1 of the Elven Halls
 46252 | Elf:1    | Noticed an Ice Fiend
 46260 | Elf:1    | Noticed a Tzitzimitl
 46881 | Elf:1    | Identified the +3 leather armour "Tauneess" {Rampage rPois
                  | rF- Str+2}
 47495 | Elf:2    | Noticed a Hell Sentinel
 47604 | Elf:2    | Paralysed by an air elemental for 1 turns
 47708 | Elf:2    | Found a runed translucent gate.
 47708 | Elf:2    | Found a runed translucent gate.
 47708 | Elf:2    | Found a runed translucent gate.
 47874 | Elf:2    | Found Zexkiqae's Antique Weapon Shoppe.
 48095 | Elf:2    | Received a gift from Trog
 48189 | Elf:2    | Paralysed by a floating eye for 3 turns
 48507 | Orc:1    | Killed warriortoast's ghost
 48521 | Orc:1    | Identified the ring of Himpy {rPois AC+4 Dex+4}
 48705 | D:10     | Found a runed translucent gate.
 48705 | D:10     | Found a runed translucent gate.
 48711 | D:10     | Found a runed translucent gate.
 48711 | D:10     | Noticed Jingleheimer's ghost (novice MiMo)
 48727 | D:10     | Gained mutation: You do not regenerate when monsters are
                  | visible. [a neqoxec]
 48729 | D:10     | Killed Jingleheimer's ghost
 48874 | D:10     | Lost mutation: You do not regenerate when monsters are
                  | visible. [potion of mutation]
 48874 | D:10     | Gained mutation: You have hidden genetic potential. [potion
                  | of mutation]
 48982 | Vaults:1 | Entered Level 1 of the Vaults
 49171 | Vaults:1 | Found Fifustood's Armour Shop.
 49320 | Vaults:1 | Found Kucuriz's General Store.
 49360 | Vaults:1 | Received a gift from Trog
 49519 | Vaults:1 | Bought a scroll of fog for 52 gold pieces
 49519 | Vaults:1 | Bought a scroll of fog for 52 gold pieces
 49611 | Vaults:1 | Found Zuttazuq's Armour Shoppe.
 49924 | Vaults:1 | Found a runed translucent door.
 49927 | Vaults:1 | Noticed Jingleheimer's ghost (adept DrBe)
 49940 | Vaults:1 | Killed Jingleheimer's ghost
 49944 | Vaults:1 | Reached XP level 19. HP: 102/188 MP: 0/18
 50846 | Vaults:1 | Found Xaodiorr's Armour Boutique.
 53017 | Vaults:2 | Received a gift from Trog
 53260 | Vaults:2 | Found a staircase to the Crypt.
 53260 | Vaults:2 | Found a basalt altar of Yredelemnul.
 53260 | Vaults:2 | Found an ancient bone altar of Kikubaaqudgha.
 54115 | Vaults:3 | Gained mutation: You possess an exceptional clarity of
                  | mind. [hidden potential]
 54753 | Vaults:3 | Found God Kie's Jewellery Boutique.
 54762 | Vaults:3 | Identified the +2 falchion "Acarinebane" {vorpal, rF+++
                  | Will- rCorr Str-5 Stlth+}
 54951 | Vaults:3 | Identified the +1 ring mail of Amosesiru {MP+9 Dex+4 SInv}
 56032 | Vaults:4 | Reached XP level 20. HP: 143/200 MP: 0/19
 56408 | Vaults:4 | Noticed Sojobo
 56418 | Vaults:3 | Received a gift from Trog
 56448 | Vaults:4 | Paralysed by an air elemental for 1 turns
 56453 | Vaults:4 | Paralysed by an air elemental for 1 turns
 56458 | Vaults:4 | Paralysed by an air elemental for 1 turns
 56463 | Vaults:4 | Killed Sojobo
 56830 | Vaults:4 | Identified the +5 trident of Earthquakes {freeze, rC-
                  | Int+4}
 57720 | Vaults:4 | Noticed Bai Suzhen
 57728 | Vaults:4 | Killed Bai Suzhen
 58973 | Depths:1 | Entered Level 1 of the Depths
 59146 | Depths:1 | Found a gateway to Hell.
 59316 | Depths:1 | Gained mutation: You have sharp toenails. [hidden
                  | potential]
 59316 | Depths:1 | Lost mutation: You have hidden genetic potential. [hidden
                  | potential expressed]
 59324 | Depths:1 | Identified the +11 morningstar "Inkampao" {vorpal, *Corrode
                  | Fragile Int+7 Stlth+}
 59345 | Depths:1 | Received a gift from Trog
 59643 | Depths:1 | Noticed a caustic shrike
 59653 | Depths:1 | Killed a caustic shrike
 59749 | Depths:1 | Paralysed by a vampire knight for 3 turns
 60171 | Depths:1 | Found Vutt's General Store.
 60179 | Depths:1 | Bought a potion of heal wounds for 105 gold pieces
 60455 | Depths:1 | Noticed a caustic shrike
 60462 | Depths:1 | Killed a caustic shrike
 60652 | Depths:1 | Reached XP level 21. HP: 198/211 MP: 1/20
 60695 | Depths:1 | Noticed a golden dragon
 60706 | Depths:1 | Killed a golden dragon
 61367 | Depths:1 | Identified the +4 halberd "Kowan" {vorpal, rElec rF+ Will+}
 61503 | Depths:1 | Identified the +4 quarterstaff of Currency {freeze, Will+}
 61735 | Depths:1 | Paralysed by a floating eye for 4 turns
 61893 | Depths:1 | Paralysed by a vampire knight for 4 turns
 62545 | Depths:2 | Found a blossoming altar of Fedhas.
 62576 | Depths:2 | Found a one-way gate leading to the halls of Pandemonium.
 62577 | Depths:2 | Found a one-way gate to the infinite horrors of the Abyss.
 63892 | Depths:2 | Received a gift from Trog
 64550 | Depths:3 | Noticed a golden dragon
 64565 | Depths:3 | Killed a golden dragon
 64641 | Depths:3 | Found a white marble altar of Elyvilon.
 64641 | Depths:3 | Found a glowing golden altar of the Shining One.
 64641 | Depths:3 | Found a glowing silver altar of Zin.
 65238 | Depths:3 | Identified the +2 chain mail "Zotax" {Int+2}
 66842 | Depths:4 | Entered Level 4 of the Depths
 67435 | Depths:4 | Found a one-way gateway to a ziggurat.
 67452 | Depths:4 | Noticed Jory
 67459 | Depths:4 | Killed Jory
 67460 | Depths:4 | Reached XP level 22. HP: 201/222 MP: 1/21
 67825 | Depths:4 | Noticed a golden dragon
 67829 | Depths:4 | Found a gate to the Realm of Zot.
 67840 | Depths:4 | Killed a golden dragon
 68040 | Depths:4 | Reached ****** piety under Trog
 68164 | Depths:4 | Found an ancient bone altar of Kikubaaqudgha.
 68533 | Depths:4 | Received a gift from Trog
 69008 | Vaults:5 | Entered Level 5 of the Vaults
 69532 | Vaults:5 | Received a gift from Trog
 69840 | Vaults:5 | Identified the +4 chain mail of Indemnity {rN++}
 69944 | Vaults:5 | Noticed an ancient lich
 69950 | Vaults:5 | Killed an ancient lich
 70001 | Vaults:5 | Identified the +3 great sword "Leviticus" {vorpal, Str+5}
 70264 | Vaults:5 | Received a gift from Trog
 70762 | Vaults:5 | Identified the +0 chain mail "Mifid" {Rampage rElec Int-5}
 71104 | Vaults:5 | Noticed an ancient lich
 71553 | Vaults:5 | Found Buzo's Book Emporium.
 71646 | Vaults:5 | Identified the +8 flail of the Disbelieving Enemy {flame,
                  | +Blink rElec rPois}
 71646 | Vaults:5 | Identified the +1 robe of Xiax {*Corrode rElec rPois Str-3
                  | Int+6}
 72213 | Vaults:5 | Reached XP level 23. HP: 184/234 MP: 0/22
 72355 | Vaults:5 | Got a silver rune of Zot
 72430 | Vaults:5 | Killed an ancient lich
 72648 | Vaults:5 | Noticed a dread lich
 72652 | Vaults:5 | Killed a dread lich
 72992 | D:10     | Bought a scroll of identify for 26 gold pieces
 72992 | D:10     | Bought a scroll of magic mapping for 97 gold pieces
 72992 | D:10     | Bought a scroll of teleportation for 39 gold pieces
 72992 | D:10     | Bought a scroll of blinking for 97 gold pieces
 72992 | D:10     | Bought a scroll of enchant armour for 97 gold pieces
 72992 | D:10     | Bought a scroll of blinking for 97 gold pieces
 72992 | D:10     | Bought a scroll of fear for 52 gold pieces
 72992 | D:10     | Bought a scroll of teleportation for 39 gold pieces
 73226 | Zot:1    | Entered Level 1 of the Realm of Zot
 75687 | Zot:2    | Noticed a curse toe
 75688 | Zot:2    | Found a transporter.
 75931 | Zot:2    | Found a transporter.
 75931 | Zot:2    | Identified the ring of Voig {EV+4 SInv}
 77600 | Zot:3    | Noticed an orb of fire
 77611 | Zot:2    | Gained mutation: You are partially covered in large bone
                  | plates. (SH +4) [an orb of fire]
 77614 | Zot:2    | Killed an orb of fire
 77615 | Zot:2    | Reached skill level 27 in Dodging
 78803 | Zot:3    | Identified the ring "Oripeaby" {Ice rPois rCorr Stlth+}
 78803 | Zot:3    | Noticed Josephina
 78814 | Zot:2    | Killed Josephina
 78815 | Zot:2    | Reached skill level 27 in Maces & Flails
 78815 | Zot:2    | Reached XP level 24. HP: 182/238 MP: 0/22
 79322 | Zot:3    | Received a gift from Trog
 80040 | Zot:3    | Noticed an orb of fire
 80045 | Zot:3    | Gained mutation: You are clumsy. (Dex -2) [an orb of fire]
 80051 | Zot:3    | Gained mutation: You are very clumsy. (Dex -4) [an orb of
                  | fire]
 80053 | Zot:3    | Gained mutation: Your magical capacity is low. (-10% MP)
                  | [an orb of fire]
 80057 | Zot:3    | Killed an orb of fire
 82302 | Zot:4    | Noticed an orb of fire
 82312 | Zot:4    | Killed an orb of fire
 82313 | Zot:4    | Reached skill level 27 in Fighting
 83157 | Zot:4    | Reached skill level 27 in Armour
 83235 | Zot:4    | Reached skill level 1 in Throwing
 83491 | Zot:5    | Entered Level 5 of the Realm of Zot
 83823 | Zot:5    | Reached skill level 5 in Throwing
 84221 | Zot:5    | Noticed a dread lich
 84230 | Zot:5    | Killed a dread lich
 84338 | Zot:5    | Noticed a Killer Klown
 84339 | Zot:5    | Noticed an orb of fire
 84347 | Zot:5    | Noticed a Killer Klown
 84353 | Zot:5    | Noticed an orb of fire
 84365 | Zot:4    | Killed an orb of fire
 84646 | Zot:5    | Noticed an orb of fire
 84654 | Zot:4    | Gained mutation: You occasionally lose the ability to drink
                  | potions when taking damage. [an orb of fire]
 84657 | Zot:4    | Gained mutation: Your magical capacity is very low. (-20%
                  | MP) [an orb of fire]
 84659 | Zot:4    | Killed an orb of fire
 84669 | Zot:4    | HP: 6/249 [death cob (8)]
 84680 | Zot:4    | Gained mutation: Your magical capacity is extremely low.
                  | (-30% MP) [an orb of fire]
 84685 | Zot:4    | Gained mutation: You sometimes lose the ability to drink
                  | potions when taking damage. [an orb of fire]
 84686 | Zot:4    | Killed an orb of fire
 84687 | Zot:4    | Reached XP level 25. HP: 174/257 MP: 0/15
 84816 | Zot:5    | Noticed an orb of fire
 84936 | Zot:5    | Noticed an orb of fire
 84937 | Zot:5    | Gained mutation: Your body sometimes deteriorates upon
                  | taking damage. [an orb of fire]
 84937 | Zot:5    | Gained mutation: You occasionally shout uncontrollably at
                  | your foes. [an orb of fire]
 84939 | Zot:4    | Lost mutation: Your body sometimes deteriorates upon taking
                  | damage. [potion of mutation]
 84939 | Zot:4    | Lost mutation: You are very clumsy. (Dex -4) [potion of
                  | mutation]
 84939 | Zot:4    | Gained mutation: You occasionally lose the ability to read
                  | scrolls when taking damage. [potion of mutation]
 84940 | Zot:4    | Lost mutation: You possess an exceptional clarity of mind.
                  | [potion of mutation]
 84940 | Zot:4    | Lost mutation: Your magical capacity is extremely low.
                  | (-30% MP) [potion of mutation]
 84940 | Zot:4    | Lost mutation: You occasionally lose the ability to read
                  | scrolls when taking damage. [potion of mutation]
 84941 | Zot:4    | Lost mutation: You occasionally shout uncontrollably at
                  | your foes. [potion of mutation]
 84941 | Zot:4    | Lost mutation: You are partially covered in large bone
                  | plates. (SH +4) [potion of mutation]
 84941 | Zot:4    | Lost mutation: You are clumsy. (Dex -2) [potion of
                  | mutation]
 84941 | Zot:4    | Lost mutation: You have sharp toenails. [potion of
                  | mutation]
 84941 | Zot:4    | Lost mutation: You sometimes lose the ability to drink
                  | potions when taking damage. [potion of mutation]
 84942 | Zot:4    | Lost mutation: Your magical capacity is very low. (-20% MP)
                  | [potion of mutation]
 84942 | Zot:4    | Lost mutation: You occasionally lose the ability to drink
                  | potions when taking damage. [potion of mutation]
 84942 | Zot:4    | Lost mutation: Your magical capacity is low. (-10% MP)
                  | [potion of mutation]
 84942 | Zot:4    | Gained mutation: Your muscles are strong. (Str +4, Int/Dex
                  | -1) [potion of mutation]
 84942 | Zot:4    | Gained mutation: You are resistant to electric shocks.
                  | (rElec) [potion of mutation]
 84942 | Zot:4    | Gained mutation: You have sharp toenails. [potion of
                  | mutation]
 84942 | Zot:4    | Gained mutation: You passively map a small area around you.
                  | [potion of mutation]
 84953 | Zot:5    | Lost mutation: You are resistant to electric shocks.
                  | (rElec) [an orb of fire]
 84956 | Zot:5    | Gained mutation: Your spells are a little easier to cast,
                  | but a little less powerful. [an orb of fire]
 84967 | Zot:5    | Killed an orb of fire
 84968 | Zot:5    | Reached skill level 10 in Throwing
 84973 | Zot:5    | Killed an orb of fire
 85217 | Zot:5    | Killed a Killer Klown
 85328 | Zot:5    | Noticed an ancient lich
 85355 | Zot:5    | Killed an ancient lich
 85368 | Zot:5    | Noticed a Killer Klown
 85389 | Zot:5    | Killed a Killer Klown
 85423 | Zot:5    | Killed a Killer Klown
 85429 | Zot:5    | Noticed an ancient lich
 85640 | Zot:5    | Killed an ancient lich
 85826 | Zot:5    | Noticed an orb of fire
 85845 | Zot:5    | Gained mutation: You are clumsy. (Dex -2) [an orb of fire]
 85846 | Zot:5    | Gained mutation: Your magical capacity is low. (-10% MP)
                  | [an orb of fire]
 85849 | Zot:5    | Killed an orb of fire
 85852 | Zot:5    | HP: 9/257 [Orb Guardian (12)]
 85853 | Zot:5    | Killed from afar by an electric golem

Illustrated notes

Levels and vault maps discovered:
D:1:      ebering_hopf_link, layout_basic
D:2:      layout_loops_ring, uniq_crazy_yiuf_cottage
D:3:      layout_rooms, nemelex_dance_club_becter
D:4:      layout_rooms, elyvilon_altar_1
D:5:      layout_basic, nicolae_ru_the_path_less_chosen,
          minmay_temple_entry_mini_moons, minmay_misc_feat_encased,
          chequers_decorated_corner
D:6:      layout_basic, mainiacjoe_overflow_six_doors_small,
          amcnicky_altar_gilded
D:7:      layout_basic, nicolae_qazlal_style_of_elements,
          minmay_shop_enchanted_jewellery, minmay_misc_feat_pillars
D:8:      layout_gridville, grunt_decor_arrowhead, minmay_splitting_lines,
          uniq_grum
D:9:      layout_cave_pools, beargit_hepliaklqana_dungeon_heroes,
          corexii_checkpoint_a, glass_columns_a
D:10:     layout_stronghold, david_lair_shrubbed, serial_shops,
          nicolae_shop_waterfront, nicolae_inconvenience_store,
          nicolae_square_shop, ploomutoo_gammafunk_ghost_potion_laboratory,
          uniq_nergalle, uniq_psyche
D:11:     layout_layer_cave, minmay_orc_entry_guard_dogs
D:12:     layout_cave_pools, grunt_potential
D:13:     layout_layer_cave, lightli_vaults_fourway_checkpoint,
          dreamdust_wasp_nest, uniq_sonja
D:14:     layout_rooms, lemuel_blue_sif_altar, kennysheep_pointless_box
D:15:     grunt_enter_depths_snipers, layout_basic, gauntlet_entry_generic,
          serial_rivers, chequers_serial_rivers_micro_e,
          chequers_serial_rivers_micro_c, chequers_serial_rivers_room_a,
          chequers_serial_rivers_room_b, chequers_serial_rivers_micro_b
Lair:1:   layout_hall_layers, chequers_serial_rivers_micro_c,
          small_statue_intersection, minmay_lair_oklob_items,
          infiniplex_staircase_pool, serial_bayou_shore_a, uniq_amaemon
Lair:2:   layout_long_grid, minmay_shoals_entry_beasts, minivault_11,
          lemuel_fruit_tree
Lair:3:   layout_hall_layers, minmay_snake_entry_guardpost_small,
          kilobyte_rumbling_trees, uniq_rupert
Lair:4:   beast_lair_carwin_large_3, layout_regular_city,
          gammafunk_ghost_necromancy, minmay_shattered_shrine
Lair:5:   minmay_lair_end_enchanted_forest, layout_gridlike,
          nicolae_slime_entry_slimehenge, chequers_serial_rivers_micro_c,
          uniq_kirke
Shoals:1: layout_shoals, minmay_shop_mayhem, uniq_nikola
Shoals:2: layout_shoals, serial_nicolae_subway, nicolae_sub_station_metal,
          nicolae_sub_station_crystal, nicolae_sub_station_stone
Shoals:3: layout_shoals, uniq_mara, uniq_ilsuiw
Shoals:4: shoals_end_hangedman, layout_shoals, shoals_ilsuiw_ice,
          nicolae_shoals_square_sea_wall
Snake:1:  layout_gridlike, grunt_ministairs_8, nicolae_snake_gridmaze_tees,
          nicolae_snake_gridmaze_zigzag, nicolae_take_the_stairs, uniq_jorgrun
Snake:2:  layout_misc_corridors, serial_shops, nicolae_shop_statue_plus
Snake:3:  nrook_guardian_serpent_snake_passage, layout_misc_corridors
Snake:4:  johnstein_snake_rune_scales, layout_layer_cave, nicolae_snake_omega
Orc:1:    layout_caves, gammafunk_ghost_fury_of_okawaru
Orc:2:    st_orc_open, layout_caves, basic_altar, uniq_azrael
Elf:1:    nicolae_elf_arrival_no_cutting_in_line, layout_rooms,
          kennysheep_underground_church, minmay_crystal_room, billiards_dpeg
Elf:2:    elven_hall_of_blades_hangedman_original [nicolae_blade_lattice],
          layout_geoelf_octagon, serial_shops, nicolae_shop_hallway_stairs,
          minivault_20, onia_ninara_cookie
Vaults:1: hellmonk_ghost_big_iron, nicolae_vaults_lopsided_apartments,
          vaults_room_door_hall, ontoclasm_vaults_ring_square,
          nicolae_vaults_circle_grid_b, ontoclasm_vaults_spin, vaults_dpeg_ring,
          nicolae_vaults_little_squares_1, hangedman_vaults_capsules, v_misc_8,
          nicolae_vaults_specimen_jars, layout_vaults_omnibox, serial_shops,
          nicolae_shop_crystal, shop, nicolae_shop_statue_plus, shop
Vaults:2: infiniplex_enter_wizlab_spiral, minmay_crypt_entry_necro_gods,
          vaults_room_door_ring, st_octagons_2, ontoclasm_vaults_ring_square,
          vaults_room_pools, vaults_room_fours, vaults_room_pools,
          layout_vaults_chaotic_city
Vaults:3: v_misc_8, hangedman_vaults_river_flow, nicolae_vaults_big_ls,
          nicolae_vaults_three_branches, hangedman_vaults_stream,
          ontoclasm_vaults_eye, vaults_room_pools, layout_vaults_omnigrid,
          serial_shops, shop
Vaults:4: nicolae_vaults_know_your_exits, nicolae_vaults_little_squares_6,
          hangedman_vaults_snaps, vaults_dpeg_diagonal, nicolae_vaults_asterisk,
          nicolae_vaults_asterisk, nicolae_vaults_alarming,
          hangedman_vaults_locks, nicolae_vaults_yaktaur_gun_rack,
          ontoclasm_vaults_ring_small, vaults_mumra_hex, ontoclasm_vaults_idyll,
          v_alt_pattern_1, v_pattern_2, nicolae_vaults_shelves_hall,
          ontoclasm_vaults_decontamination, v_misc_17, nicolae_vaults_little_ls,
          layout_vaults_maze_bifur, uniq_bai_suzhen, uniq_sojobo
Vaults:5: serial_shops
Depths:1: evilmike_diamond_1, layout_cave_shapes, serial_shops,
          nicolae_shop_hallway_stairs, hell_entry, nicolae_rejected_hall
Depths:2: kennysheep_blocky_room, layout_cave_shapes,
          hangedman_decor_clover_reticule, hellmouth_2, grunt_pan_entry_spiral,
          abyss_entry, st_stairs_5, fedhas_altar_2, infiniplex_staircase_spiral,
          serial_bayou_shore_b
Depths:3: minmay_polygon_palace, layout_gridlike, abyss_entry_small_statue_room,
          pf_hell_entry_tar_river, good_gods_mini_temple,
          minmay_staircase_bubble
Depths:4: grunt_zot_entry_tricorne, layout_basic, enter_ziggurat_b, hell_entry,
          rand_demon_pan_entry_3, kiku_gazebo_garden_becter, uniq_jory
Zot:1:    layout_misc_corridors
Zot:2:    gammafunk_sealed_arena, layout_twisted_circle, grunt_megastairs_2
Zot:3:    layout_onion_interference, lemuel_golem_globe, uniq_josephina
Zot:4:    layout_onion_interference
Zot:5:    layout_cathedral_of_symmetry

Skill      XL: |  1  2  3  4  5  6  7  8  9 10 11 12 13 14 15 16 17 18 19 20 21 22 23 24 25 |
---------------+----------------------------------------------------------------------------+-----
Maces & Flails | 4 5 6 7 8 9 10 12 14 16 18 20 21 22 23 24 25 27 | 27.0
Fighting       | 4 6 7 9 10 11 13 16 18 19 20 21 23 24 25 26 27 | 27.0
Dodging        | 3 4 6 8 11 13 17 18 21 22 23 24 25 26 27 | 27.0
Armour         | 8 11 16 18 20 21 22 23 24 25 27 | 27.0
Throwing       | 9 13 | 13.1

Action                   |  1- 3 |  4- 6 |  7- 9 | 10-12 | 13-15 | 16-18 | 19-21 | 22-24 | 25-27 || total
-------------------------+-------+-------+-------+-------+-------+-------+-------+-------+-------++-------
Melee: Mace              |    89 |    27 |       |       |       |       |       |       |       ||   116
       Headbutt          |     9 |     8 |    44 |    98 |   187 |   210 |   312 |   266 |    27 ||  1161
       Punch             |     2 |       |       |       |       |       |       |       |       ||     2
       Flail             |       |    60 |   225 |       |       |       |       |       |       ||   285
       Morningstar       |       |       |    41 |   152 |       |       |       |       |       ||   193
       Great mace        |       |       |       |   275 |   989 |  1003 |  1087 |  1050 |   110 ||  4514
       Unarmed           |       |       |       |     3 |       |       |       |       |    20 ||    23
Throw: Boomerang         |       |     8 |       |     2 |       |    15 |     5 |    10 |       ||    40
       Dart              |       |       |       |     1 |     4 |     2 |       |       |       ||     7
Invok: Berserk           |     2 |     3 |     4 |     5 |    12 |     1 |     1 |       |       ||    28
       Trog's Hand       |       |     4 |     6 |     6 |    24 |    23 |     9 |    29 |     5 ||   106
       Brothers in Arms  |       |       |       |     1 |    10 |     4 |     6 |     9 |       ||    30
Evoke: Wand              |       |       |       |       |     2 |    17 |       |       |       ||    19
  Use: Scroll            |       |       |       |    13 |     5 |    21 |    10 |    12 |     3 ||    64
       Potion            |       |       |       |     3 |     2 |    14 |     5 |    12 |     6 ||    42
 Stab: Paralysed         |       |       |       |       |     2 |       |       |       |       ||     2
       Invisible         |       |       |       |       |       |       |       |     5 |     1 ||     6
       Distracted        |       |       |       |       |       |       |       |     1 |       ||     1
Armor: Scale mail        |    41 |     6 |       |       |       |       |       |       |       ||    47
       Chain mail        |       |    45 |   118 |       |       |       |       |       |       ||   163
       Plate armour      |       |       |    84 |   346 |   738 |   571 |   544 |       |       ||  2283
       Gold dragon scale |       |       |       |       |       |       |   102 |  1010 |    72 ||  1184
Dodge: Dodged            |    52 |    36 |   142 |   345 |   971 |   800 |   826 |  1031 |   100 ||  4303
Block: Kite shield       |       |       |     7 |       |       |       |       |       |       ||     7
       Other             |       |       |       |       |       |       |       |    85 |    21 ||   106
